 Dungeon Crawl Stone Soup version 0.31-a0-960-g0fca184906 (webtiles) character file.

Game seed: 10130056947217405419

58226 promet the Fighter (level 14, -11/130 HPs)
             Began as a Grey Draconian Fighter on Oct 24, 2023.
             Was a High Priest of Wu Jian.
             Shot with an arrow by a deep elf archer (22 damage)
             ... on level 2 of the Orcish Mines.
             The game lasted 03:37:47 (37000 turns).

promet the Fighter (Grey Draconian Fighter)        Turns: 37000, Time: 03:37:48

Health: -11/130    AC: 19    Str: 21    XL:     14   Next: 48%
Magic:  22/22      EV: 14    Int: 15    God:    Wu Jian [*****.]
Gold:   1402       SH:  5    Dex: 11    Spells: 11/24 levels left

rFire   + . .        i - +3 bardiche of Bodily Harmony {elec, rPois rN++ Will+ Str-3}
rCold   . . .        (shield currently unavailable)
rNeg    + + .        (body armour unavailable)
rPois   +            (helmet restricted)
rElec   .            z - +2 cloak
rCorr   +            Y - +2 pair of gloves
SInv    .            (no boots)
Will    ++...        t - amulet of Metus {Reflect rCorr SH+5}
Stlth   +++          X - ring "Abuagg" {rPois rF+ Str+4 Int+3}
HPRegen 0.41/turn    l - ring of protection from cold
MPRegen 0.18/turn

%: reflection
@: on berserk cooldown, hasted and slowed, studying Polearms, invisible
A: AC +13, amphibious, unfitting armour, cold-blooded, thin skeletal structure
1, clumsy 1, cold vulnerability 1
a: Renounce Religion, Wall Jump, Serpent's Lash, Heavenly Storm


You were on level 2 of the Orcish Mines.
You worshipped Wu Jian.
Wu Jian was extremely pleased with you.
You visited 4 branches of the dungeon, and saw 18 of its levels.
You also visited: Bailey.

You collected 1542 gold pieces.
You spent 140 gold pieces at shops.

Inventory:

Hand Weapons
 a - the +7 spear of Gin and Tonic {flame, rElec}
   (You found it on level 9 of the Dungeon)

   rElec:     It insulates you from electricity.
 b - a +0 triple crossbow
 d - a +4 broad axe of flaming
 h - a +6 trident of freezing
 i - the +3 bardiche of Bodily Harmony (weapon) {elec, rPois rN++ Will+ Str-3}
   (You acquired it on level 2 of the Lair of Beasts)

   Str-3:     It affects your strength (-3).
   rPois:     It protects you from poison rN++: It greatly protects you from
   negative energy.
   Will+:     It increases your willpower.
 j - a +1 dire flail of draining
 p - a +1 dire flail of holy wrath
 u - a +0 spear
 v - a +0 heavy sling
 B - a +2 dagger of venom
 F - a +1 quarterstaff of draining
 G - a +1 trident of protection
Missiles
 e - 191 stones
 k - a throwing net
 r - 26 poisoned darts
 x - 8 curare-tipped darts
 H - 20 boomerangs
 O - 12 javelins (quivered)
 R - 12 atropa-tipped darts
Armour
 g - a +1 buckler
 z - a +2 cloak (worn)
 Y - a +2 pair of gloves (worn)
Jewellery
 f - an amulet of guardian spirit
 l - a ring of protection from cold (right hand)
 q - the ring "Zuiq" {Ice rCorr}
   (You found it on level 3 of the Dungeon)

   [ring of ice]

   Ice:       It enhances your ice magic.
   rF-:       It makes you vulnerable to fire.
   rC+:       It protects you from cold.
   rCorr:     It protects you from acid and corrosion.
 t - the amulet of Metus (around neck) {Reflect rCorr SH+5}
   (You found it on level 3 of the Dungeon)

   [amulet of reflection]

   Reflect:   It reflects blocked missile attacks.
   rCorr:     It protects you from acid and corrosion.
   SH+5:      It affects your SH (+5).
 J - a ring of flight
 K - the ring "Daesum" {rElec rF+ rC+ Will+}
   (You found it on level 5 of the Lair of Beasts)

   [ring of protection from fire]

   rF+:       It protects you from fire.
   rC+:       It protects you from cold.
   rElec:     It insulates you from electricity.
   Will+:     It increases your willpower.
 S - a ring of resist corrosion
 X - the ring "Abuagg" (left hand) {rPois rF+ Str+4 Int+3}
   (You acquired it on level 3 of the Lair of Beasts)

   [ring of protection from fire]

   Str+4:     It affects your strength (+4).
   Int+3:     It affects your intelligence (+3).
   rF+:       It protects you from fire.
   rPois:     It protects you from poison
Wands
 L - a wand of mindburst (16)
 M - a wand of acid (2)
 Q - a wand of roots (3)
 Z - a wand of flame (12)
Scrolls
 n - a scroll of teleportation
 I - 4 scrolls of poison
Potions
 m - 3 potions of resistance
 o - 4 potions of curing
 w - 3 potions of attraction
 A - 2 potions of cancellation
 C - a potion of mutation
 N - 4 potions of brilliance
 P - 2 potions of berserk rage
Miscellaneous
 E - a phantom mirror (inert)


   Skills:
 * Level 13.8 Fighting
 + Level 1.0(7.1) Axes
 + Level 0.9(1.1) Maces & Flails
 + Level 11.1(11.2) Polearms
 + Level 7.3 Ranged Weapons
 + Level 1.1 Throwing
 + Level 7.5 Dodging
 + Level 3.6 Stealth
 + Level 7.3 Shields
 + Level 5.7 Spellcasting
 * Level 4.4 Conjurations
 + Level 6.3 Hexes
 + Level 6.4 Summonings
 + Level 4.5 Air Magic
 + Level 7.5 Evocations


You had 11 spell levels left.
You knew the following spells:

 Your Spells              Type           Power      Damage    Failure   Level
a - Call Canine Familiar  Summ           23%        N/A       3%          3
b - Static Discharge      Conj/Air       34%        3-5/arc   3%          2
c - Shock                 Conj/Air       68%        1d7       2%          1
d - Dazzling Flash        Conj/Hex       40%        N/A       4%          3
e - Airstrike             Air            8%         2d(2-18)  24%         4

Your spell library contained the following spells:

 Spells                   Type           Power      Damage    Failure   Level
 Sigil of Binding         Hex            23%        N/A       3%          3
 Ensorcelled Hibernation  Hex/Ice        26%        N/A       6%          2
 Swiftness                Air            17%        N/A       7%          3
 Inner Flame              Hex/Fire       13%        N/A       12%         3
 Summon Lightning Spire   Summ/Air       20%        N/A       16%         4
 Passwall                 Tmut/Erth      3%         N/A       22%         2
 Dimensional Bullseye     Hex/Tloc       6%         N/A       38%         4
 Leda's Liquefaction      Hex/Erth       6%         N/A       38%         4
 Silence                  Hex/Air        10%        N/A       41%         5
 Yara's Violent Unravell  Hex/Tmut       6%         3d5       75%         5
 Animate Dead             Necr           4%         N/A       83%         4
 Agony                    Necr           4%         N/A       99%         5
 Enfeeble                 Hex            11%        N/A       100%        7
 Haunt                    Necr/Summ      7%         N/A       100%        7
 Infestation              Necr           2%         N/A       100%        8


Dungeon Overview and Level Annotations

Branches:
Dungeon (10/15)            Temple (1/1) D:4            Lair (5/5) D:9
 Shoals (0/4) Lair:2       Spider (0/4) Lair:2        Slime (0/5) Lair:4
    Orc (2/2) D:9             Elf (0/3) Orc:2        Bailey (visited)

Altars:
Ashenzari
Cheibriados
Dithmenos
Elyvilon
Fedhas
Gozag
Hepliaklqana
Kikubaaqudgha
Makhleb
Nemelex Xobeh
Okawaru
Qazlal
Ru
Sif Muna
Trog
Uskayaw
Vehumet
Wu Jian
Xom
Yredelemnul
Zin
The Shining One
Jiyva

Shops:
D:1 *   Orc:1 (

Portals:
Abyss: Lair:3

Annotations:
D:2 1 runed translucent door, Crazy Yiuf
Temple 2 transporters
Lair:1 2 transporters, Doj's ghost, journeyman MiFi
Lair:3 2 transporters, Fractals's ghost, journeyman HOFi; Rupert
Orc:1 1 runed translucent door, Scrimshaw's ghost, journeyman OpSh


Innate Abilities, Weirdness & Mutations

Your dull iron-grey scales are very hard. (AC +13)
You are amphibious.
You cannot fit into any form of body armour.
You are cold-blooded and may be slowed by cold attacks.
You have a somewhat thin skeletal structure. (Dex +2, Stealth+)
You are clumsy. (Dex -2)
You are vulnerable to cold. (rC-)


Message History

The deep elf archer shoots an arrow.
The arrow hits you!
* * * LOW HITPOINT WARNING * * *
The orc sorcerer mumbles some strange words.
The orc sorcerer shimmers violently.
You feel a strong urge to attack something.
The orc sorcerer barely misses you.
You slash the orc sorcerer! You tail-slap the orc sorcerer!
The orc sorcerer is severely wounded.
The ogre barely misses you.
The orc sorcerer hits you with a +0 dagger.
* * * LOW HITPOINT WARNING * * *
You closely miss the ogre.
You feel less invigorated.
You feel less confused.
The orc sorcerer hits you but does no damage.
You slice the orc sorcerer!!
Lightning courses through the orc sorcerer!
You kill the orc sorcerer!
The Council accepts your kill. The ogre barely misses you.
You slash the ogre! You tail-slap the ogre!
The ogre is severely wounded.
The ogre barely misses you.
You slice the ogre!!
You kill the ogre!
The Council accepts your kill.
You are no longer berserk.
You are exhausted.
You feel yourself slow down.
The deep elf archer shoots an arrow.
The arrow hits you!
* * * LOW HITPOINT WARNING * * *
You fade into invisibility!
The deep elf archer shoots an arrow.
The arrow hits you.
* * * LOW HITPOINT WARNING * * *
The orc knight hits you but does no damage.
Okay, then.
You feel yourself speed up.
The orc knight hits you with a +0 war axe.
* * * LOW HITPOINT WARNING * * *
The deep elf archer shoots an arrow.
The arrow hits you!!
You die...

........#....8..#.........[[.)+.[
......##.........#...#...#..#.#.)
...............8..#.....#.[.####.
.....##......................# #.
..... .8..#...#....#.#.#.#.o..##.
..... ..8.^#..#...8.8....#.....##
....8.8...8..∩.....#.....#
..........)..∩.....#.....#
.......8e)@........##.o.##
#...##...o.#.#....
.......8...........
..8..........∩... .
8e...........∩#....
....##.#........##. #. ....
#.##....#.#...#... .. #..
.#...8.8.#.##..#o.. .# ..
...........o..#..#


You could see an orc knight (unable to see you) and a deep elf archer (repels
missiles, unable to see you).

Vanquished Creatures
  A dire elephant (Lair:5)
  An ettin (Orc:2)
  Josephine (Lair:5)
  A catoblepas (Lair:5)
  A hydra (Lair:2)
  13 death yaks
  A two-headed ogre (Orc:2)
  A deep troll shaman (Lair:5)
  Urug (D:9)
  4 skysharks
  Sonja (Lair:4)
  A deep elf pyromancer (Orc:2)
  3 orc knights
  4 orc sorcerers
  Joseph (Lair:1)
  13 elephants
  2 black mambas
  10 cane toads
  An unseen horror (D:10)
  2 rime drakes
  8 komodo dragons
  A meliai (Lair:1)
  A hornet (Lair:2)
  5 trolls
  3 polar bears
  4 saltlings
  13 blink frogs
  5 wraiths (Lair:5)
  2 wyverns
  30 yaks
  A shadow (D:10)
  4 basilisks
  2 vampire mosquitoes (D:10)
  2 steam dragons
  Edmund (D:4)
  3 wargs
  Menkaure (D:7)
  An acid dragon (D:8)
  14 water moccasins
  4 black bears
  23 orc warriors
  An ice beast (D:8)
  A sky beast (D:7)
  24 wolves
  10 ogres
  5 centaurs
  2 nameless horrors
  2 phantoms (D:4)
  3 kobold brigands
  Blork the orc (D:4)
  9 bullfrogs
  3 scorpions
  14 killer bees
  An electric eel (Lair:3)
  A jelly (D:7)
  5 orc priests
  3 hounds
  2 iguanas
  Jessica (D:2)
  15 orc wizards
  10 adders
  15 gnolls
  2 white imps
  2 ufetubi (D:7)
  3 dart slugs
  39 orcs
  5 ball pythons
  4 endoplasms
  2 giant cockroaches
  24 goblins
  13 hobgoblins
  3 jackals
  20 kobolds
  3 quokkas
  14 bats
  2 frilled lizards
  2 rats
457 creatures vanquished.

Vanquished Creatures (collateral kills)
  A two-headed ogre (D:10)
  An elephant (Lair:5)
  A cane toad (Lair:4)
  A polar bear (Lair:2)
  A blink frog (Lair:1)
  A yak (Lair:1)
  A vampire mosquito (D:10)
  2 water moccasins
  A black bear (D:5)
  A wolf (Lair:5)
  2 bullfrogs
  A killer bee (D:7)
  An orc wizard (Orc:2)
  An adder (D:5)
  A gnoll (D:5)
  2 orcs
  A giant cockroach (D:4)
  3 training dummies (Orc:1)
23 creatures vanquished.

Vanquished Creatures (others)
  A deep elf pyromancer (Orc:2)
1 creature vanquished.

Grand Total: 481 creatures vanquished

Notes
Turn   | Place    | Note
-------+----------+-------------------------------------------
     0 | D:1      | promet the Draconian Fighter began the quest for the Orb.
     0 | D:1      | Reached XP level 1. HP: 19/19 MP: 1/1
   276 | D:1      | Found Bekos's Assorted Antiques.
   503 | D:1      | Reached XP level 2. HP: 26/26 MP: 2/2
   570 | D:1      | Found a faded altar of an unknown god.
  1231 | D:2      | Reached XP level 3. HP: 33/33 MP: 3/3
  1239 | D:2      | Noticed Jessica
  1279 | D:2      | Killed Jessica
  1280 | D:2      | Reached skill level 4 in Fighting
  1476 | D:2      | Found a runed translucent door.
  1479 | D:2      | Noticed Crazy Yiuf
  1525 | D:2      | Reached XP level 4. HP: 40/40 MP: 4/4
  2821 | D:3      | Identified the ring "Zuiq" {Ice rCorr}
  2883 | D:3      | Reached skill level 1 in Ranged Weapons
  2883 | D:3      | Reached XP level 5. HP: 45/46 MP: 5/5
  2887 | D:3      | Learned a level 3 spell: Call Canine Familiar
  2966 | D:3      | Found a radiant altar of Vehumet.
  3042 | D:3      | Identified the amulet of Metus {Reflect rCorr SH+5}
  3317 | D:3      | Found a glowing drain.
  3551 | D:4      | Found a staircase to the Ecumenical Temple.
  3551 | D:4      | Noticed an ogre
  3663 | D:4      | Noticed Edmund
  3687 | D:4      | Noticed an ogre
  3774 | D:4      | Killed an ogre
  3775 | D:4      | Reached skill level 1 in Summonings
  3885 | D:4      | Noticed a phantom
  3898 | D:4      | Killed a phantom
  3899 | D:4      | Reached XP level 6. HP: 29/53 MP: 6/6
  4256 | D:4      | Your scales start taking on a dull iron-grey colour.
  4256 | D:4      | Reached XP level 7. HP: 58/60 MP: 7/7
  4435 | Temple   | Found a transporter.
  4435 | Temple   | Found a transporter.
  4435 | Temple   | Found a transporter.
  4435 | Temple   | Found a transporter.
  4435 | Temple   | Entered the Ecumenical Temple
  4463 | Temple   | Became a worshipper of the Wu Jian Council
  4531 | D:4      | Reached skill level 5 in Fighting
  4554 | D:4      | Noticed Blork the orc
  4566 | D:4      | Killed Blork the orc
  4567 | D:4      | Reached skill level 1 in Stealth
  4654 | D:4      | Learned a level 2 spell: Static Discharge
  4770 | D:4      | Killed Edmund
  5425 | D:5      | Entered Level 5 of the Dungeon
  5563 | D:5      | Reached skill level 1 in Spellcasting
  5821 | D:5      | Reached XP level 8. HP: 67/69 MP: 8/10
  5863 | D:5      | Found a faded altar of an unknown god.
  5863 | D:5      | Found a stormy altar of Qazlal.
  5871 | D:5      | Found a sacrificial altar of Ru.
  5881 | D:5      | Found a bloodstained altar of Trog.
  5883 | D:5      | Found a faded altar of an unknown god.
  6494 | D:5      | Found an iron altar of Okawaru.
  6499 | D:5      | Found an opulent altar of Gozag.
  6506 | D:5      | Found a hazy altar of Hepliaklqana.
  6507 | D:5      | Found a burning altar of Makhleb.
  7093 | D:6      | Reached * piety under Wu Jian
  7776 | D:7      | Reached skill level 5 in Dodging
  7780 | D:7      | Reached skill level 5 in Polearms
  7906 | D:7      | Found a flagged portal.
  7920 | D:7      | Reached skill level 6 in Fighting
  7920 | D:7      | Reached skill level 1 in Conjurations
  7949 | Bailey   | Entered a bailey
  8050 | Bailey   | Reached XP level 9. HP: 69/75 MP: 12/12
  8452 | Bailey   | Reached skill level 5 in Shields
  8837 | Bailey   | Noticed an orc knight
  8880 | Bailey   | Killed an orc knight
  8965 | Bailey   | Reached ** piety under Wu Jian
  9123 | Bailey   | Reached skill level 7 in Fighting
  9757 | Bailey   | Reached skill level 10 in Fighting
  9757 | Bailey   | Reached XP level 10. HP: 94/94 MP: 13/13
  9788 | D:7      | Noticed Menkaure
  9799 | D:7      | Killed Menkaure
 10883 | D:7      | Reached XP level 11. HP: 82/101 MP: 14/14
 12066 | D:8      | Reached skill level 11 in Fighting
 12106 | D:8      | Learned a level 1 spell: Shock
 12166 | D:8      | Identified the +0 ring mail of Moekuw {Int+2}
 12317 | D:8      | Gained mutation: You have a somewhat thin skeletal
                  | structure. (Dex +2, Stealth+) [potion of mutation]
 12710 | D:8      | Reached skill level 5 in Ranged Weapons
 13131 | D:9      | Found a staircase to the Orcish Mines.
 13295 | D:9      | Found a staircase to the Lair.
 13324 | D:8      | Reached *** piety under Wu Jian
 14161 | D:9      | Identified the +7 spear of Gin and Tonic {flame, rElec}
 14193 | D:10     | Entered Level 10 of the Dungeon
 14232 | D:10     | Reached skill level 1 in Air Magic
 15560 | D:10     | Noticed a two-headed ogre
 15573 | D:10     | Killed a two-headed ogre
 15574 | D:10     | Reached skill level 1 in Throwing
 15687 | D:10     | Found a shimmering blue altar of Sif Muna.
 15817 | D:10     | Learned a level 3 spell: Dazzling Flash
 15877 | Lair:1   | Entered Level 1 of the Lair of Beasts
 16027 | Lair:1   | Reached **** piety under Wu Jian
 16686 | Lair:1   | Reached skill level 1 in Hexes
 17091 | Lair:1   | Found a transporter.
 17095 | Lair:1   | Found a transporter.
 17097 | Lair:1   | Noticed Doj's ghost (journeyman MiFi)
 17688 | Lair:1   | Noticed Joseph
 17708 | Lair:1   | Reached XP level 12. HP: 111/111 MP: 14/16
 17839 | Lair:1   | Killed Joseph
 18493 | Lair:2   | Found a staircase to the Shoals.
 18911 | Lair:2   | Identified a scroll of acquirement
 18912 | Lair:2   | Acquired the +3 bardiche of Bodily Harmony {elec, rPois
                  | rN++ Will+ Str-3}
 19147 | Lair:2   | Reached skill level 5 in Summonings
 19169 | Lair:2   | Paralysed by a hornet for 1 turns
 19177 | Lair:2   | Reached skill level 12 in Fighting
 19924 | Lair:2   | Found a hole to the Spider Nest.
 20040 | Lair:2   | Noticed a seven-headed hydra
 21041 | Lair:2   | Killed an eight-headed hydra
 21790 | Lair:3   | Found a one-way gate to the infinite horrors of the Abyss.
 21790 | Lair:3   | Noticed Fractals's ghost (journeyman HOFi)
 21847 | Lair:3   | Found a transporter.
 21945 | Lair:3   | Found a transporter.
 22986 | Lair:3   | Acquired the ring "Abuagg" {rPois rF+ Str+4 Int+3}
 23443 | Lair:3   | Reached XP level 13. HP: 30/119 MP: 14/19
 23994 | Lair:3   | Noticed Rupert
 24536 | Lair:4   | Identified the +1 plate armour of Piruss {-Tele Harm rCorr
                  | SInv}
 24546 | Lair:4   | Found a viscous altar of Jiyva.
 24546 | Lair:4   | Found a staircase to the Slime Pits.
 24634 | Lair:4   | Noticed Sonja
 24640 | Lair:4   | Killed Sonja
 24961 | Lair:4   | Reached ***** piety under Wu Jian
 24986 | Lair:4   | Reached skill level 5 in Hexes
 25431 | Lair:4   | Learned a level 4 spell: Airstrike
 25954 | Lair:5   | Entered Level 5 of the Lair of Beasts
 25974 | Lair:4   | Reached skill level 1 in Axes
 27272 | Lair:5   | Reached skill level 13 in Fighting
 27593 | Lair:5   | Identified the ring "Daesum" {rElec rF+ rC+ Will+}
 29449 | Lair:4   | Reached skill level 10 in Polearms
 30702 | Lair:5   | Noticed Josephine
 30724 | Lair:5   | Killed Josephine
 31294 | Lair:5   | Reached XP level 14. HP: 129/129 MP: 21/21
 32442 | Lair:5   | Reached skill level 5 in Spellcasting
 33385 | Orc:1    | Entered Level 1 of the Orcish Mines
 33461 | Orc:1    | Noticed Urug
 33512 | D:9      | Killed Urug
 33829 | Orc:1    | Found Bezel's Firing Range.
 33891 | Orc:1    | Bought a +0 triple crossbow for 140 gold pieces
 33923 | Orc:1    | You are sucked into a shaft and drop 1 floor!
 33923 | Orc:2    | Entered Level 2 of the Orcish Mines
 33923 | Orc:2    | Found a staircase to the Elven Halls.
 34565 | Orc:1    | Found a runed translucent door.
 34566 | Orc:1    | Noticed Scrimshaw's ghost (journeyman OpSh)
 35438 | Orc:2    | Gained mutation: You are vulnerable to cold. (rC-) [a
                  | neqoxec]
 35446 | Orc:2    | Gained mutation: You are clumsy. (Dex -2) [a neqoxec]
 36129 | Orc:1    | Paralysed by an orc sorcerer for 2 turns
 37000 | Orc:2    | Shot with an arrow by a deep elf archer

Illustrated notes

Levels and vault maps discovered:
D:1:      minmay_arrival_split_and_join, layout_basic, serial_shops, shop,
          chequers_ecumenical_altar_island, minmay_misc_feat_chi,
          minmay_hedge_maze
D:2:      layout_basic, minmay_goblin_outpost, uniq_crazy_yiuf_cottage,
          uniq_jessica
D:3:      layout_basic, mainiacjoe_overflow_alcove_4, portal_sewer_entry_d
D:4:      layout_loops_corners, minmay_temple_entry_wispy,
          chequers_serial_rivers_small_3, uniq_blork_the_orc, uniq_edmund
D:5:      layout_basic, chequers_temple_overflow_minitemple, minitemple
D:6:      layout_loops_cross
D:7:      layout_basic, enter_bailey_2, uniq_menkaure
D:8:      layout_loops_cross
D:9:      layout_cave_pools, lair_entry_dummy, orc_0_dummy,
          supply_closet_lemuel, st_stairs_8
D:10:     layout_loops_ring, tgw_sif
Temple:   hellmonk_temple_divided_pantheon
Lair:1:   layout_cave_pods, gammafunk_ghost_hive, uniq_joseph
Lair:2:   layout_hall_layers, minmay_shoals_entry_hut,
          hellmonk_spider_entry_not_the_bees, beast_lair_carwin_9,
          infiniplex_staircase_pool_2
Lair:3:   beargit_carnivore_pack, layout_loops_ring,
          gammafunk_ghost_abyssal_escape, roderic_batcave, serial_bayou_ford_a,
          lemuel_fruit_tree, uniq_rupert
Lair:4:   layout_cave_pods, slime_entry_1, uniq_sonja
Lair:5:   grunt_lair_end_beastmaster, layout_gridlike,
          chequers_serial_rivers_small_b, grunt_megastairs_1,
          serial_bayou_shore_a, lemuel_fruit_fields, uniq_josephine
Orc:1:    layout_diamond_mine, ebering_ghost_inner_flame,
          nicolae_shop_firing_range, uniq_urug
Orc:2:    hellmonk_orc_salted, layout_caves, elf_legates

Skill      XL: |  1  2  3  4  5  6  7  8  9 10 11 12 13 14 |
---------------+-------------------------------------------+-----
Dodging        | 3 4 5 6 7 |  7.5
Fighting       | 4 5 6 10 11 12 13 | 13.8
Polearms       | 3 4 5 6 7 8 10 11 | 11.1
Ranged Weapons | 1 2 3 4 5 6 7 |  7.3
Summonings     | 1 2 3 4 5 6 |  6.4
Shields        | 4 5 6 7 |  7.3
Stealth        | 1 2 3 |  3.6
Spellcasting   | 1 2 3 4 5 |  5.7
Conjurations   | 1 3 4 |  4.4
Evocations     | 7 |  7.5
Air Magic      | 2 4 |  4.5
Throwing       | 1 |  1.1
Hexes          | 2 4 6 |  6.3
Axes           | 1 |  1.0
Maces & Flails | |  0.9

Action                     |  1- 3 |  4- 6 |  7- 9 | 10-12 | 13-15 || total
---------------------------+-------+-------+-------+-------+-------++-------
  Melee: Trident           |    69 |   116 |   208 |   359 |     6 ||   758
         Tailslap          |     4 |    10 |    29 |    89 |   111 ||   243
         Dagger            |       |       |       |     7 |       ||     7
         Broad axe         |       |       |       |     8 |    11 ||    19
         Dire flail        |       |       |       |     1 |    17 ||    18
         Bardiche          |       |       |       |   184 |   472 ||   656
         Spear             |       |       |       |       |    33 ||    33
         Short sword       |       |       |       |       |     3 ||     3
   Fire: Sling             |     5 |    43 |   115 |   136 |    96 ||   395
         Orcbow            |       |       |       |    62 |       ||    62
         Triple crossbow   |       |       |       |       |    64 ||    64
  Throw: Stone             |     4 |       |       |       |       ||     4
         Dart              |       |       |     9 |       |     1 ||    10
         Boomerang         |       |       |       |     9 |    15 ||    24
         Javelin           |       |       |       |     2 |     2 ||     4
   Cast: Call Canine Famil |       |       |    12 |    62 |    64 ||   138
         Static Discharge  |       |       |     2 |    10 |    13 ||    25
         Shock             |       |       |       |     2 |       ||     2
         Dazzling Flash    |       |       |       |     3 |     8 ||    11
         Airstrike         |       |       |       |       |     5 ||     5
 Invoke: Serpent's Lash    |       |       |       |       |     1 ||     1
Ability: Lunge             |       |       |     7 |    20 |     5 ||    32
         Whirlwind         |       |       |     6 |    21 |    29 ||    56
         Wall Jump         |       |       |       |     7 |    11 ||    18
  Evoke: Wand              |       |       |       |     3 |     8 ||    11
         Phantom mirror    |       |       |       |       |     1 ||     1
    Use: Scroll            |     1 |     5 |     9 |    15 |    15 ||    45
         Potion            |       |     7 |     2 |     5 |     6 ||    20
   Stab: Sleeping          |       |       |       |     5 |     3 ||     8
         Distracted        |       |       |       |     2 |     7 ||     9
 Armour: Skin              |    29 |    59 |   107 |   535 |   544 ||  1274
  Dodge: Dodged            |    43 |    67 |    75 |   383 |   474 ||  1042
  Block: Buckler           |    18 |    43 |   107 |   219 |       ||   387
         Reflection        |       |     1 |     6 |    10 |     2 ||    19
         Other             |       |       |       |    85 |   161 ||   246

Table legend: (Time is in decaauts)
 A = Elapsed time spent in this place.
 B = Non-inter-level travel time spent in this place.
 C = Inter-level travel time spent in this place.
 D = Time resting spent in this place.
 E = Time spent auto-exploring this place.
 F = Levels seen in this place.
 G = Mean time per level.
                   A        B        C        D        E       F      G
               +--------+--------+--------+--------+--------+-----+--------+
         Total |  37524 |  35925 |   1599 |  15583 |   5641 |  19 | 1974.9 |
       Dungeon |  14413 |  13570 |    843 |   4615 |   3927 |  10 | 1441.3 |
        Temple |     62 |     62 |      0 |      0 |      0 |   1 |   62.0 |
          Lair |  17769 |  17135 |    634 |   8750 |   1435 |   5 | 3553.8 |
  Orcish Mines |   3422 |   3300 |    122 |   1307 |    279 |   2 | 1711.0 |
        Bailey |   1856 |   1856 |      0 |    911 |      0 |   1 | 1856.0 |
               +--------+--------+--------+--------+--------+-----+--------+

Top non-repeatable levels by time:
  Lair:5: 5744 daAuts
  Lair:1: 3487 daAuts
  Lair:4: 3356 daAuts
  Lair:2: 2934 daAuts
  Lair:3: 2246 daAuts
     D:7: 2114 daAuts
     D:4: 1863 daAuts
  Bailey: 1856 daAuts
   Orc:1: 1824 daAuts
    D:10: 1672 daAuts
     D:8: 1605 daAuts
   Orc:2: 1597 daAuts
     D:2: 1520 daAuts
     D:5: 1475 daAuts
     D:9: 1262 daAuts
